 Dungeon Sprint DCSS version 0.21-a0-241-g2cbab09 (webtiles) character file.

617 terra52 the Protected (level 7, -12/64 HPs)
             Began as a Formicid Fighter on Sept 3, 2017.
             Was the Champion of Zin.
             Mangled by a deep troll (20 damage)
             ... in the Dungeon (Sprint I: "Red Sonja").
             The game lasted 00:02:11 (863 turns).

terra52 the Protected (Formicid Fighter)             Turns: 863, Time: 00:02:12

Health: -12/64     AC: 12    Str: 22    XL:     7   Next: 74%
Magic:  8/9        EV:  8    Int:  8    God:    Zin [******]
Gold:   24         SH: 12    Dex: 13    Spells: 6/6 levels left

rFire    . . .     SeeInvis +   a - +0 flail
rCold    . . .     Gourm    .   c - +0 shield
rNeg     . . .     Faith    .   p - +1 chain mail {rPois}
rPois    ∞         Spirit   .   (helmet unavailable)
rElec    .         Reflect  .   (no cloak)
rCorr    .         Harm     .   (no gloves)
MR       .....                  (no boots)
Stlth    ..........             (no amulet)
HPRegen  0.20/turn              (no ring)
MPRegen  0.11/turn              (no ring)

@: vitalised
A: permanent stasis, dig shafts and tunnels, four strong arms, antennae 3
a: Dig, Recite, Vitalisation, Imprison, Sanctuary, Donate Gold, Cure All
Mutations, Renounce Religion


You were in the Dungeon.
You worshipped Zin.
Zin was exalted by your worship.
You were not hungry.

You visited 1 branch You collected 230 gold pieces.
You spent 189 gold pieces at shops.
You donated 17 gold pieces to Zin.

Inventory:

Hand Weapons
 a - a +0 flail (weapon)
Armour
 b - a +0 scale mail
 c - a +0 shield (worn)
 p - a +1 chain mail of poison resistance (worn)
Wands
 d - a wand of confusion (21/48)
Scrolls
 k - 2 scrolls of blinking
 n - a scroll of identify {unknown}
Potions
 e - a potion of curing
 g - a potion of heal wounds
 h - a potion of haste
 i - 2 potions of magic
 j - a potion of berserk rage
Comestibles
 f - a bread ration
 m - a royal jelly
 o - a meat ration


   Skills:
 + Level 9.1 Fighting
 + Level 7.9 Maces & Flails
 + Level 9.7 Armour
 + Level 1.0 Dodging
 + Level 9.2 Shields
 * Level 2.7 Invocations


You had 6 spell levels left.
You didn't know any spells.

Dungeon Overview and Level Annotations

Branches:
Dungeon (1/1)

Altars:
Cheibriados
Dithmenos
Elyvilon
Fedhas
Gozag
Hepliaklqana
Kikubaaqudgha
Makhleb
Nemelex Xobeh
Okawaru
Qazlal
Ru
Sif Muna
Trog
Uskayaw
Vehumet
Wu Jian
Xom
Yredelemnul
Zin
The Shining One
Jiyva
Lugonu

Shops:
D ![


Innate Abilities, Weirdness & Mutations

You cannot be hasted, slowed, berserked, paralysed or teleported.
You can dig through walls and to a lower floor.
Your four strong arms can wield two-handed weapons with a shield.
You have a pair of large antennae on your head. (SInv)


Message History

The deep troll claws you but does no damage.
The deep troll misses you.
You closely miss the deep troll.
The deep troll is moderately wounded.
The deep troll bites you!! The deep troll claws you! The deep troll claws you.
* * * LOW HITPOINT WARNING * * *
You closely miss the deep troll.
The deep troll is moderately wounded.
You block the deep troll's attack. The deep troll claws you.
* * * LOW HITPOINT WARNING * * *
You block the deep troll's attack.
You hit the deep troll but do no damage.
The deep troll is moderately wounded.
You block the deep troll's attack. The deep troll claws you.
* * * LOW HITPOINT WARNING * * *
You block the deep troll's attack.
You barely miss the deep troll.
The deep troll is moderately wounded.
The deep troll bites you!!
You die...

###+#####'#__# { {
## #..$#.# ## {{
_####..##.# {
____##'#_.+ {
.∩...÷..._# {
..__##_.#'##+#### {
____###+#..[)(..##{
##### ####+###.##
+$$.$$T@∩# {
########## { { {{ {
{ {


{{{{ { {{{ You could see a deep troll (dazed).

Vanquished Creatures
  A slime creature (D)
  Sigmund (D)
  A yak (D)
  An ogre (D)
  A jelly (D)
  Ijyb (D)
6 creatures vanquished.

Notes
Turn   | Place    | Note
-------+----------+-------------------------------------------
     0 | D        | terra52 the Formicid Fighter began the quest for the Orb.
     0 | D        | Reached XP level 1. HP: 18/18 MP: 1/1
     1 | D        | Noticed Ijyb
    12 | D        | Killed Ijyb
    12 | D        | Reached skill level 5 in Shields
    12 | D        | Reached XP level 2. HP: 22/26 MP: 2/2
    12 | D        | Reached XP level 3. HP: 27/31 MP: 3/3
    15 | D        | Noticed an ogre
    21 | D        | Killed an ogre
    21 | D        | Reached XP level 4. HP: 13/40 MP: 4/4
    21 | D        | Reached XP level 5. HP: 15/46 MP: 5/5
   225 | D        | Noticed Sigmund
   236 | D        | Killed Sigmund
   236 | D        | Reached skill level 5 in Maces & Flails
   236 | D        | Reached XP level 6. HP: 30/56 MP: 6/6
   386 | D        | Found an ornate altar of the Wu Jian Council.
   386 | D        | Found a deep blue altar of Sif Muna.
   388 | D        | Found a radiant altar of Vehumet.
   413 | D        | Found Vulyph's Distillery.
   413 | D        | Found an ancient bone altar of Kikubaaqudgha.
   413 | D        | Found a hazy altar of Hepliaklqana.
   413 | D        | Found a stormy altar of Qazlal.
   413 | D        | Found a hide-covered altar of Uskayaw.
   413 | D        | Found a blossoming altar of Fedhas.
   413 | D        | Found a bloodstained altar of Trog.
   413 | D        | Found an iron altar of Okawaru.
   413 | D        | Found a basalt altar of Yredelemnul.
   413 | D        | Found a glowing golden altar of the Shining One.
   413 | D        | Found a snail-covered altar of Cheibriados.
   413 | D        | Found a sacrificial altar of Ru.
   413 | D        | Found a glowing silver altar of Zin.
   413 | D        | Found a shadowy altar of Dithmenos.
   413 | D        | Found a white marble altar of Elyvilon.
   413 | D        | Noticed a yak
   422 | D        | Killed a yak
   422 | D        | Reached XP level 7. HP: 41/63 MP: 7/7
   423 | D        | Found an opulent altar of Gozag.
   426 | D        | Found a sparkling altar of Nemelex Xobeh.
   433 | D        | Became a worshipper of Zin the Law-Giver
   433 | D        | Reached * piety under Zin
   433 | D        | Reached ** piety under Zin
   433 | D        | Reached *** piety under Zin
   433 | D        | Reached **** piety under Zin
   433 | D        | Reached ***** piety under Zin
   530 | D        | Reached ****** piety under Zin
   539 | D        | Found a burning altar of Makhleb.
   539 | D        | Found a viscous altar of Jiyva.
   539 | D        | Found a shimmering altar of Xom.
   539 | D        | Found a corrupted altar of Lugonu.
   539 | D        | Noticed a slime creature
   558 | D        | Killed a slime creature
   558 | D        | Reached skill level 1 in Dodging
   574 | D        | Found Cokoc's Armour Emporium.
   615 | D        | Bought a +1 chain mail of poison resistance for 189 gold pieces
   853 | D        | Noticed a deep troll
   863 | D        | Mangled by a deep troll

Vault maps used:
D:        dungeon_sprint_1

Skill      XL: |  1  2  3  4  5  6  7 |
---------------+----------------------+-----
Fighting       | 4 6 7 8 9 |  9.1
Armour         | 4 6 8 9 |  9.7
Shields        | 5 6 8 9 |  9.2
Maces & Flails | 4 5 7 |  7.9
Dodging        | 1 |  1.0
Invocations    | 2 |  2.7

Action                   |  1- 3 |  4- 6 |  7- 9 || total
-------------------------+-------+-------+-------++-------
Melee: Flail             |    14 |    23 |    24 ||    61
Invok: Vitalisation      |       |       |     2 ||     2
       Recite            |       |       |     1 ||     1
 Abil: Dig               |       |       |     2 ||     2
  Use: Potion            |     1 |       |       ||     1
Armor: Scale mail        |     3 |     5 |     1 ||     9
       Chain mail        |       |       |     3 ||     3
Dodge: Dodged            |     4 |     5 |     6 ||    15
Block: Shield            |     5 |     5 |    10 ||    20

Table legend:
 A = Spawn XP
 B = Non-spawn XP
 C = Spawn XP percentage of total XP
 D = Spawn monster count
 E = Non-spawn monster count
 F = Spawn count percentage of total count
 G = Total turns spent on level
                    A         B        C        D         E        F      G
               +---------+---------+-------+---------+---------+-------+---------
         Total |       0 |     882 |   0.0 |       0 |       6 |   0.0 |   863
               +---------+---------+-------+---------+---------+-------+---------
             D |       0 |     882 |   0.0 |       0 |       6 |   0.0 |   863
               +---------+---------+-------+---------+---------+-------+---------
